 Dungeon Crawl Stone Soup version 0.24.0-1-gfbc8707 (webtiles) character file.

Game seed: 9798553130622740112, levelgen mode: deterministic

81 Buxparty the Poker (level 4, -2/34 HPs)
             Began as a Merfolk Skald on Dec 30, 2019.
             Slain by a gnoll (4 damage)
             ... on level 2 of the Dungeon.
             The game lasted 00:05:41 (1467 turns).

Buxparty the Poker (Merfolk Skald)                  Turns: 1467, Time: 00:05:41

Health: -2/34      AC:  3    Str: 12    XL:     4   Next: 40%
Magic:  7/7        EV: 13    Int: 12    God:
Gold:   47         SH:  0    Dex: 13    Spells: 6/7 levels left

rFire    . . .     SeeInvis .   a - +0 spear
rCold    . . .     Gourm    .   (no shield)
rNeg     . . .     Faith    .   b - +0 leather armour
rPois    .         Spirit   .   (no helmet)
rElec    .         Reflect  .   (no cloak)
rCorr    .         Harm     .   (no gloves)
MR       .....                  (no boots)
Stlth    +.........             (no amulet)
HPRegen  0.11/turn              (no ring)
MPRegen  0.10/turn              (no ring)

@: lethally poisoned (-2 -> -4)
A: change form in water, swift swim, stealthy swim
a: no special abilities


You were on level 2 of the Dungeon.
You were not hungry.

You visited 1 branch of the dungeon, and saw 2 of its levels.

You collected 47 gold pieces.

Inventory:

Hand Weapons
 a - a +0 spear (weapon)
Armour
 b - a +0 leather armour (worn)
Scrolls
 c - a scroll of amnesia {unknown}
 e - 2 scrolls of teleportation {unknown}
 f - a scroll of magic mapping {unknown}
 h - a scroll of remove curse {unknown}
 j - a scroll of blinking {unknown}
 k - a scroll of identify {unknown}
Potions
 g - 2 potions of agility {unknown}
 i - 2 potions of might {unknown}
Comestibles
 d - 2 rations


   Skills:
 + Level 2.7 Fighting
 * Level 5.7 Polearms
 - Level 0.6 Armour
 + Level 3.2 Dodging
 + Level 0.5 Stealth
 - Level 2.0 Spellcasting
 - Level 3.2 Charms


You had 6 spell levels left.
You knew the following spells:

 Your Spells              Type           Power        Failure   Level  Hunger
a - Infusion              Chrm           #...         9%          1    ##.....

Your spell library contained the following spells:

 Spells                   Type           Power        Failure   Level  Hunger
 Song of Slaying          Chrm           #.......     14%         2    ###....
 Shroud of Golubria       Chrm/Tloc      #.....       26%         2    ###....
 Regeneration             Chrm/Necr      #.........   47%         3    ####...
 Spectral Weapon          Hex/Chrm       #.......     47%         3    ####...


Dungeon Overview and Level Annotations

Branches:
Dungeon (2/15)

Altars:
Makhleb


Message History

You hit the gnoll.
You kill the gnoll!
You hit the gnoll but do no damage. The gnoll hits you but does no damage.
You closely miss the gnoll.
You feel sick. The gnoll hits you.
* * * LOW HITPOINT WARNING * * *
You hit the gnoll.
The gnoll is moderately wounded.
The gnoll closely misses you.
You barely miss the gnoll.
The gnoll is moderately wounded.
You hit the gnoll.
The gnoll is severely wounded.
The gnoll hits you.
* * * LOW HITPOINT WARNING * * *
You hit the gnoll.
You kill the gnoll!
* * * LOW HITPOINT WARNING * * *
You feel sick. The gnoll hits you.
You die...

#........# #.#
###.....## #.#
##.....#### #.#
#.........########.###
#......(..............
#.#...#######.##......
#.#.### #....#....
#....#################
#...g@........ #
#....######### #
#.#.#.## . #..###.# #
###.#.###### #
#....$...$. #
#.g######## #..# ..g#


You could see a gnoll.

Vanquished Creatures
  2 gnolls (D:2)
  3 adders (D:2)
  A dart slug (D:2)
  6 bats
  2 giant cockroaches
  5 goblins
  7 hobgoblins
  A quokka (D:2)
  2 kobolds (D:1)
  4 rats
33 creatures vanquished.

Notes
Turn   | Place    | Note
-------+----------+-------------------------------------------
     0 | D:1      | Buxparty the Merfolk Skald began the quest for the Orb.
     0 | D:1      | Reached XP level 1. HP: 16/16 MP: 3/3
   413 | D:1      | Reached XP level 2. HP: 18/23 MP: 5/5
   453 | D:1      | Reached skill level 4 in Polearms
  1010 | D:2      | Reached XP level 3. HP: 24/28 MP: 6/6
  1177 | D:2      | Reached skill level 5 in Polearms
  1212 | D:2      | Found a burning altar of Makhleb.
  1214 | D:2      | Noticed a blizzard demon
  1218 | D:2      | Noticed a smoke demon
  1218 | D:2      | Noticed a smoke demon
  1453 | D:2      | Reached XP level 4. HP: 13/34 MP: 7/7
  1466 | D:2      | HP: 1/34 [poisoned by an adder]
  1467 | D:2      | Slain by a gnoll

Levels and vault maps discovered:
D:1:      dpeg_arrival_stone_temple_mockup, layout_basic, serial_forest,
          infiniplex_forest_lined_room_3, infiniplex_forest_clump_C,
          infiniplex_forest_lined_3_way, infiniplex_forest_clump_C,
          infiniplex_forest_straight_2, infiniplex_forest_straight_3
D:2:      layout_loops_ring, lemuel_zombie_altar_yredelemnul,
          lemuel_crystal_altar, makhleb_altar_promises_db

Skill      XL: |  1  2  3 |
---------------+----------+-----
Polearms       | 4 5 |  5.7
Dodging        | 3 |  3.2
Fighting       | |  2.7
Armour         | |  0.6
Stealth        | |  0.5
Spellcasting   | |  2.0
Charms         | |  3.2

Action                   |  1- 3 |  4- 6 || total
-------------------------+-------+-------++-------
Melee: Spear             |   154 |    13 ||   167
 Stab: Sleeping          |     2 |       ||     2
  Eat: Ration            |     1 |       ||     1
       Chunk             |     1 |       ||     1
Armor: Leather armour    |    24 |     1 ||    25
Dodge: Dodged            |    72 |     5 ||    77
